 Dungeon Crawl Stone Soup version 0.26.0-18-gc5c842f807 (webtiles) character file.

Game seed: 46873681820381390

941 thiole the Sneak (level 8, -1/46 HPs)
             Began as an Octopode Hedge Wizard on Jan 22, 2021.
             Was a Believer of Elyvilon.
             Slain by a centaur (5 damage)
             ... on level 5 of the Dungeon.
             The game lasted 00:15:10 (6831 turns).

thiole the Sneak (Octopode Hedge Wizard)            Turns: 6831, Time: 00:15:11

Health: -1/46      AC:  5    Str:  9    XL:     8   Next: 12%
Magic:  14/14      EV: 13    Int: 19    God:    Elyvilon [**....]
Gold:   278        SH:  0    Dex: 11    Spells: 7/15 levels left

rFire    . . .     SeeInvis .   d - +2 flail (protect)
rCold    . . .     Faith    .   (no shield)
rNeg     . . .     Spirit   .   b - +0 hat
rPois    .         Reflect  .   k - amulet of the acrobat
rElec    .         Harm     .   h - +4 ring of protection
rCorr    .         Rampage  .   (no ring)
Will     .....                  (no ring)
Stlth    ++++......             (no ring)
HPRegen  0.15/turn              (no ring)
MPRegen  0.14/turn              (no ring)
                                (no ring)
                                (no ring)

@: no status effects
A: almost no armour, stealthy swim, amphibious, 8 rings, constrict 8, camouflage
1, gelatinous body 1
a: Renounce Religion, Lesser Healing, Heal Other, Divine Protection


You were on level 5 of the Dungeon.
You worshipped Elyvilon.
Elyvilon was pleased with you.
You visited 1 branch of the dungeon, and saw 5 of its levels.
You also visited: Sewer.

You collected 278 gold pieces.

Inventory:

Hand Weapons
 a - a +0 dagger
 d - a +2 flail of protection (weapon)
 i - a cursed -2 spear
Armour
 b - a +0 hat (worn)
 n - a +0 kite shield
Jewellery
 g - an uncursed ring of ice
 h - a +4 ring of protection (left tentacle)
 k - an amulet of the acrobat (around mantle)
 x - an uncursed ring of ice
 A - an uncursed amulet of reflection
 H - a cursed ring of flight {unknown}
Wands
 o - a wand of flame (9)
 z - a wand of digging (6)
Scrolls
 c - 6 scrolls of teleportation
 e - a scroll of amnesia {unknown}
 l - 3 scrolls of enchant armour {unknown}
 p - a scroll of fear {unknown}
 s - a scroll of magic mapping {unknown}
 u - 2 scrolls of enchant weapon {unknown}
 w - 3 scrolls of remove curse {unknown}
 y - a scroll of fog {unknown}
 C - 6 scrolls of identify
 G - a scroll of immolation {unknown}
Potions
 f - a potion of invisibility {unknown}
 j - a potion of mutation {unknown}
 m - 2 potions of berserk rage {unknown}
 q - a potion of resistance {unknown}
 r - 2 potions of brilliance {unknown}
 t - a potion of flight {unknown}
 v - a potion of degeneration {unknown}
 B - 4 potions of might {unknown}
 D - 3 potions of heal wounds {unknown}
 E - a potion of lignification {unknown}
 F - 4 potions of curing


   Skills:
 - Level 2.0 Dodging
 + Level 7.7 Stealth
 - Level 4.4 Spellcasting
 - Level 2.0 Conjurations
 - Level 2.0 Hexes
 - Level 2.0 Summonings
 - Level 1.0 Translocations
 * Level 4.8 Air Magic
 - Level 2.0 Poison Magic


You had 7 spell levels left.
You knew the following spells:

 Your Spells              Type           Power        Failure   Level
a - Magic Dart            Conj           44%          6%          1
b - Call Imp              Summ           11%          9%          2
c - Slow                  Hex            11%          9%          2
d - Mephitic Cloud        Conj/Pois/Air  15%          12%         3

Your spell library contained the following spells:

 Spells                   Type           Power        Failure   Level
 Blink                    Tloc           N/A          13%         2
 Conjure Flame            Conj/Fire      8%           26%         3


Dungeon Overview and Level Annotations

Branches:
Dungeon (5/15)              Sewer (visited)
 Temple: D:4-7

Altars:
Cheibriados
Elyvilon
Fedhas
Makhleb
Wu Jian

Annotations:
D:3 Grinder
D:5 Ijyb


Innate Abilities, Weirdness & Mutations

You cannot wear most types of armour.
You are very stealthy in the water. (Stealth+)
You are amphibious.
You can wear up to eight rings at the same time.
You can use your tentacles to constrict eight enemies at once.
Your skin changes colour to match your surroundings (Stealth+).
Your rubbery body absorbs attacks. (AC +1, EV +1)


Message History

The jackal bites you. The jackal misses you.
You hit the jackal but do no damage.
Your weapon exudes an aura of protection.
You squeeze the jackal.
You kill the jackal!
The centaur shoots an arrow.
The arrow closely misses you.
The centaur shoots an arrow.
The arrow hits you.
The centaur unwields a +0 shortbow.
The centaur completely misses you.
You barely miss the centaur. Your squeeze misses the centaur.
The centaur is lightly wounded.
The centaur hits you!
* * * LOW HITPOINT WARNING * * *
The centaur hits you.
* * * LOW HITPOINT WARNING * * *
You barely miss the centaur. Your squeeze misses the centaur.
The centaur is lightly wounded.
The centaur hits you.
* * * LOW HITPOINT WARNING * * *
The centaur hits you.
You die...

... ## .[. ># ... .# ###.# c. #
#...######## .# #. #.#.#......#
.# #.##.#.#.####(##.#
#......(......@c.# ####
##.....#.####.########### #...
###.....#..####.# ###.....####.##
.......###......###(#............
###.....#.########..<.......##.##
##.....## ##.#.......##.##
##.....# #.......####... ###...#
##.###### #### #...# #.#


You could see a centaur.

Vanquished Creatures
  Eustachio (D:5)
  2 centaurs (D:5)
  A water moccasin skeleton (D:4)
  2 orc priests (D:3)
  A hound (D:4)
  2 orc wizards (D:4)
  Natasha (D:3)
  5 worker ants
  A worker ant zombie (D:5)
  8 adders
  4 river rats
  An ufetubus (D:5)
  3 oozes
  An adder zombie (D:4)
  4 worms
  2 dart slugs
  5 leopard geckos
  20 orcs
  11 bats
  8 giant cockroaches
  10 hobgoblins
  6 jackals
  22 kobolds
  3 quokkas
  8 ball pythons
  4 frilled lizards
  A giant cockroach zombie (D:5)
  4 goblins
  A leopard gecko zombie (D:2)
  A quokka skeleton (D:4)
  26 rats
169 creatures vanquished.

Vanquished Creatures (others)
  9 plants (D:4)
9 creatures vanquished.

Grand Total: 178 creatures vanquished

Notes
Turn   | Place    | Note
-------+----------+-------------------------------------------
     0 | D:1      | thiole the Octopode Hedge Wizard began the quest for the
                  | Orb.
     0 | D:1      | Reached XP level 1. HP: 11/11 MP: 4/4
   356 | D:1      | Reached XP level 2. HP: 17/17 MP: 0/6
   437 | D:1      | Reached skill level 3 in Stealth
  1240 | D:2      | Found a snail-covered altar of Cheibriados.
  1247 | D:2      | Reached XP level 3. HP: 21/21 MP: 0/7
  1916 | D:2      | Reached XP level 4. HP: 10/27 MP: 2/9
  2568 | D:3      | Reached skill level 4 in Stealth
  2732 | D:3      | Noticed Grinder
  2849 | D:4      | Found a burning altar of Makhleb.
  2876 | D:4      | Reached XP level 5. HP: 25/31 MP: 2/10
  2961 | D:4      | Found a white marble altar of Elyvilon.
  2977 | D:4      | Reached skill level 5 in Stealth
  3160 | D:4      | Became a worshipper of Elyvilon the Healer
  3235 | D:4      | Found a blossoming altar of Fedhas.
  3402 | D:4      | Learned a level 2 spell: Call Imp
  3405 | D:4      | Learned a level 2 spell: Slow
  3409 | D:4      | Learned a level 3 spell: Mephitic Cloud
  3415 | D:4      | Reached XP level 6. HP: 19/36 MP: 12/12
  3795 | D:4      | Reached skill level 6 in Stealth
  3957 | D:4      | Reached skill level 1 in Poison Magic
  4002 | D:4      | Reached * piety under Elyvilon
  4277 | D:4      | Reached skill level 1 in Air Magic
  4681 | D:3      | Reached skill level 1 in Hexes
  4695 | D:3      | HP: 1/36 [orc priest/nerve-wracking pain (7)]
  4698 | D:3      | Elyvilon protects you from harm!
  4704 | D:3      | HP: 1/36 [orc priest/nerve-wracking pain (1)]
  4707 | D:3      | Reached XP level 7. HP: 1/41 MP: 13/13
  5181 | D:3      | Noticed Natasha
  5185 | D:3      | Killed Natasha
  5310 | D:5      | Entered Level 5 of the Dungeon
  5310 | D:5      | Noticed Ijyb
  5310 | D:5      | Noticed a wyvern
  5770 | D:5      | Reached ** piety under Elyvilon
  5774 | D:5      | Noticed Eustachio
  5786 | D:5      | Killed Eustachio
  5787 | D:5      | Reached skill level 7 in Stealth
  5818 | D:5      | Found a glowing drain.
  5827 | Sewer    | Entered a sewer
  5887 | Sewer    | Reached XP level 8. HP: 46/46 MP: 11/14
  6750 | D:5      | Found an ornate altar of the Wu Jian Council.
  6831 | D:5      | Slain by a centaur

Illustrated notes

Levels and vault maps discovered:
D:1:      onia_arrival_mini_maze, layout_basic
D:2:      layout_loops_cross, kennysheep_slug_shrine
D:3:      cheibrodos_helix_gallery, layout_loops_cross, uniq_natasha,
          uniq_grinder
D:4:      cheibrodos_old_hovel, layout_basic, lemuel_round_altar,
          elyvilon_altar_5, bloody_makhleb
D:5:      layout_loops_cross, general_overflow_altar,
          minmay_temple_entry_mini_moons, portal_sewer_entry_a, uniq_ijyb,
          uniq_eustachio

Skill      XL: |  1  2  3  4  5  6  7 |
---------------+----------------------+-----
Stealth        | 3 4 5 6 7 |  7.7
Conjurations   | 2 |  2.0
Summonings     | 2 |  2.0
Spellcasting   | 4 |  4.4
Poison Magic   | 2 |  2.0
Air Magic      | 2 4 |  4.8
Hexes          | 1 2 |  2.0
Dodging        | |  2.0
Translocations | |  1.0

Action                   |  1- 3 |  4- 6 |  7- 9 || total
-------------------------+-------+-------+-------++-------
Melee: Dagger            |    36 |   136 |       ||   172
       Tentacles         |     7 |    22 |    21 ||    50
       Constrict         |     8 |    28 |    26 ||    62
       Flail             |       |       |   118 ||   118
 Cast: Magic Dart        |    81 |    91 |    69 ||   241
       Slow              |       |       |     1 ||     1
Evoke: Wand              |       |    11 |     2 ||    13
  Use: Scroll            |     3 |     2 |       ||     5
       Potion            |       |     5 |       ||     5
 Stab: Sleeping          |     1 |     2 |     3 ||     6
Armor: Skin              |     5 |    31 |    44 ||    80
Dodge: Dodged            |    18 |    91 |   107 ||   216
